Map: Nightshade LE

Players

BamBook

  • Race: Terran Terran
  • League: Platinum
  • Spawn Location: 11:00

Guidji - Winner!

  • Race: Terran Terran
  • League: Platinum
  • Spawn Location: 5:00

VOD

Have the link to the VOD?

Description

Time

  • Played on: May 6, 2020, 10:44 a.m.
  • Length: 30:34
Show
View Real Time Build Order
Export as new Build Order

BamBook Terran 

Build Orders:  

Get SALT Encoding   

  12  0:01  SCV  
  13  0:13  SCV  
  14  0:18  Supply Depot  
  14  0:25  SCV  
  14  0:28  Refinery  
  15  0:40  SCV  
  16  0:45  Barracks  
  16  0:52  SCV  
  17  1:04  SCV  
  18  1:16  SCV  
  19  1:41  Orbital Command  
  19  1:45  Barracks Reactor, Command Center  
  19  1:57  Factory  
  19  2:08  SCV  
  19  2:13  Supply Depot  
  20  2:21  SCV, Marine  
  20  2:22  Marine  
  23  2:38  SCV  
  24  2:49  Refinery, Factory Tech Lab  
  24  2:50  SCV, Starport, Marine x2  
  26  2:59  Orbital Command  
  26  3:07  Bunker  
  26  3:08  Marine x2  
  28  3:21  SCV  
  30  3:27  SCV  
  30  3:31  Marine x2  
  32  3:35  Starport Reactor  
  32  3:36  Barracks  
  32  3:43  SCV x2  
  34  3:52  Engineering Bay  
  34  3:55  SCV x2  
  36  3:56  Barracks  
  36  4:00  Supply Depot  
  36  4:12  Siege Tank  
  36  4:13  Medivac  
  36  4:14  Medivac  
  43  4:18  SCV x2  
  43  4:23  Refinery  
  45  4:31  Marine, Barracks Tech Lab  
  45  4:32  Marine  
  47  4:43  Engineering Bay  
  47  4:46  Barracks Reactor  
  47  4:49  Marine x2  
  49  4:55  Stimpack  
  49  4:58  Marine  
  50  5:00  SCV x2  
  52  5:10  Supply Depot  
  52  5:14  Supply Depot, Marine x2  
  54  5:22  Terran Infantry Weapons Level 1, Terran Infantry Armor Level 1  
  54  5:31  Marine x3  
  54  5:34  Marine x2  
  59  5:38  Missile Turret  
  59  5:39  Supply Depot  
  59  5:51  SCV x2  
  59  5:56  Refinery  
  61  6:03  Marine x3  
  64  6:04  Marine  
  64  6:05  Marine  
  64  6:09  Missile Turret  
  64  6:10  Siege Tank  
  69  6:12  SCV x2  
  69  6:15  Missile Turret  
  71  6:21  Armory  
  71  6:24  SCV x2  
  73  6:34  Marine x2  
  73  6:35  Marine x2  
  73  6:36  SCV  
  78  6:58  Supply Depot  
  78  7:02  Missile Turret  
  78  7:16  Command Center  
  78  7:20  SCV, Marine x5  
  69  7:42  Marine x2  
  69  7:43  Marine x2  
  68  7:45  Combat Shield  
  68  7:47  Terran Vehicle Weapons Level 1  
  68  7:48  Terran Infantry Armor Level 2, Terran Infantry Weapons Level 2  
  68  7:56  Missile Turret  
  68  8:00  Missile Turret  
  68  8:02  SCV x2  
  68  8:03  Missile Turret  
  68  8:05  Marine x4  
  72  8:10  Supply Depot  
  74  8:34  Marine x4  
  75  8:35  Marine  
  79  8:44  Barracks  
  79  8:45  Barracks  
  79  8:52  SCV x2  
  79  8:53  Marine x4  
  79  8:54  Marine  
  79  8:55  Siege Tank  
  89  9:08  Missile Turret  
  89  9:12  Orbital Command, Sensor Tower  
  89  9:16  SCV x2  
  91  9:18  Marine  
  91  9:19  Marine x2  
  91  9:21  Concussive Shells  
  94  9:38  SCV  
  94  9:39  SCV x2  
  94  9:41  Sensor Tower  
  97  9:51  SCV x2  
  92  10:14  Barracks Reactor, Barracks Tech Lab  
  92  10:16  Marauder, Marine x4  
  98  10:26  Medivac x2  
  102  10:33  Marine, Barracks  
  102  10:34  Starport  
  103  10:36  Barracks  
  103  10:42  Marauder x2, Marine x3  
  108  10:51  Marine  
  109  11:05  Missile Turret, Marine  
  109  11:07  Supply Depot  
  109  11:10  Marauder x2, Marine x3  
  117  11:12  Supply Depot  
  117  11:13  Starport Tech Lab  
  117  11:18  Medivac x2, Marine x2  
  123  11:19  Terran Infantry Weapons Level 3, Terran Infantry Armor Level 3  
  123  11:23  Barracks Tech Lab  
  123  11:25  Barracks Reactor  
  123  11:35  Medivac  
  114  12:07  Marauder x2, Marine  
  114  12:08  Orbital Command, Marauder, Marine x6  
  123  12:09  Marine  
  123  12:10  Medivac x2  
  123  12:11  Medivac  
  134  12:25  Marine  
  134  12:28  Marine x4  
  134  12:29  Marauder  
  141  12:41  Sensor Tower  
  141  12:44  Supply Depot  
  141  12:46  Supply Depot  
  141  13:05  SCV x3, Marine x3  
  141  13:06  Marauder  
  141  13:08  Marauder  
  151  13:14  Marauder  
  151  13:18  SCV x3  
  149  13:27  Marauder  
  149  13:30  SCV  
  119  13:36  Marauder x2, Marine x2  
  119  13:37  Marine x6  
  119  13:39  Medivac x3  
  99  13:48  Marauder  
  99  13:53  Siege Tank  
  99  13:54  Marine  
  99  13:55  SCV x3  
  108  13:57  Refinery  
  108  13:58  Refinery  
  108  14:07  SCV  
  108  14:09  Medivac x2  
  113  14:13  Marauder  
  113  14:14  Marauder x2, Marine x5  
  113  14:15  Marine x2  
  126  14:34  Marine x3  
  126  14:35  Marine x5  
  126  14:36  Marine x3  
  137  14:39  Medivac  
  139  14:52  Marine  
  140  15:06  Marauder  
  140  15:07  Marauder x2, Marine x5  
  146  15:08  Marine x2  
  153  15:22  Marine  
  153  15:24  Marine  
  153  15:25  Marine x2  
  153  15:28  Command Center  
  157  16:02  Marine x2  
  157  16:15  Supply Depot  
  157  16:17  Supply Depot, Siege Tank, Marine x7, Medivac x3  
  173  16:36  Marine x4  
  129  17:12  Marine x2  
  129  17:13  Marine x2  
  108  17:31  Marauder x2, Marine  
  108  17:32  Marauder, Marine x6  
  108  17:33  Marine  
  108  17:34  Medivac, Siege Tank  
  108  17:35  Medivac x2  
  130  18:11  Marauder x3  
  136  18:13  Marine x6  
  136  18:14  Marine x2  
  136  18:15  Medivac x3  
  150  18:20  Sensor Tower  
  150  18:30  Planetary Fortress  
  150  18:32  SCV x3  
  153  18:41  Refinery  
  153  18:46  Marauder x3, Marine x2  
  153  18:47  Marine x5  
  153  18:48  Marine  
  167  18:49  Medivac x2  
  171  19:04  Marine x3  
  171  19:05  Marine x2  
  176  19:10  Refinery  
  176  19:14  Marauder x2, Marine  
  176  19:15  Marauder, Marine  
  184  19:30  Ghost Academy  
  184  19:33  Ghost Academy  
  184  19:37  Marine x2  
  184  19:38  Marine x3  
  188  19:39  Marauder x2  
  188  19:45  Sensor Tower  
  184  20:16  Marauder x2  
  184  20:17  Marauder, Marine x4  
  184  20:18  Marine x4  
  198  20:25  Terran Vehicle And Ship Armor Level 1  
  198  20:30  Barracks  
  198  20:31  Barracks  
  198  20:34  Factory  
  176  21:14  Marine x2  
  176  21:15  Marine x3  
  180  21:23  Viking x3  
  186  21:29  Barracks Reactor, Factory Tech Lab  
  186  21:31  Starport x2  
  186  21:33  Starport, Barracks Tech Lab  
  186  21:53  Viking  
  96  22:22  Marine  
  96  22:23  Marine x13  
  109  22:40  Marine  
  109  22:41  Marine  
  111  22:50  Marine x2  
  111  22:51  Marine x5  
  114  22:52  Marine x2  
  120  22:59  Starport Tech Lab  
  120  23:08  Starport Tech Lab  
  120  23:25  Marine x3  
  120  23:26  Marine x5  
  120  23:27  Marine x2  
  128  23:28  Marauder  
  128  23:29  Marauder x2  
  136  23:46  Command Center  
  136  23:56  Starport Tech Lab  
  136  24:03  Marauder x4, Marine  
  136  24:04  Marine x6  
  136  24:05  Marine x3  
  153  24:21  Marine  
  154  24:42  Marine x2  
  154  24:43  Marine x12  
  158  25:00  Marine x3  
  158  25:01  Marine x5  
  159  25:46  Command Center  
  83  26:27  Marine x6  
  83  26:28  Marine x3  
  89  26:43  Marine  
Show
View Real Time Build Order
Export as new Build Order

Guidji Terran - Winner!

Build Orders: Gas First Reaper Expand 

Get SALT Encoding   

  12  0:00  SCV  
  13  0:13  SCV  
  14  0:17  Supply Depot  
  14  0:25  SCV  
  14  0:27  Refinery  
  15  0:39  SCV  
  16  0:45  Barracks  
  16  0:51  SCV  
  17  1:03  SCV  
  18  1:15  SCV  
  19  1:32  Reaper, Orbital Command  
  20  1:45  Command Center  
  20  1:56  Supply Depot  
  20  2:02  Factory  
  20  2:08  SCV  
  20  2:10  Barracks Reactor  
  21  2:20  SCV  
  21  2:21  Refinery  
  22  2:32  SCV  
  23  2:46  Starport  
  23  2:49  Marine x2  
  25  2:52  Factory Tech Lab  
  25  2:54  SCV  
  26  3:01  SCV  
  27  3:07  SCV  
  27  3:10  Marine x2  
  30  3:18  Cyclone  
  30  3:19  SCV  
  35  3:25  Orbital Command  
  34  3:28  Marine x2  
  34  3:34  SCV  
  37  3:36  Viking  
  37  3:40  Refinery  
  39  3:45  Marine  
  39  3:46  SCV, Marine  
  42  3:52  SCV  
  43  3:57  Supply Depot  
  43  3:58  SCV  
  43  3:59  Supply Depot  
  44  4:03  Marine x2  
  46  4:15  Supply Depot  
  46  4:19  SCV x2, Siege Tank  
  46  4:20  Viking  
  46  4:23  Marine  
  54  4:26  Marine  
  57  4:31  SCV x2  
  57  4:39  Supply Depot  
  57  4:41  Marine  
  57  4:43  SCV  
  59  4:48  Marine  
  59  4:49  SCV  
  61  4:55  SCV  
  61  4:58  Marine  
  63  5:01  SCV  
  64  5:07  SCV  
  64  5:13  SCV  
  66  5:19  SCV  
  66  5:20  Supply Depot  
  67  5:22  Command Center  
  67  5:24  Barracks  
  67  5:25  SCV, Barracks  
  68  5:29  Engineering Bay  
  68  5:31  SCV  
  69  5:36  Supply Depot, Marine x2  
  69  5:37  SCV  
  69  5:39  Starport Reactor  
  72  5:43  Siege Tank  
  72  5:44  SCV  
  76  5:53  Refinery  
  76  5:56  Engineering Bay  
  76  5:57  SCV x2, Supply Depot  
  76  6:00  Marine  
  76  6:01  Marine  
  80  6:12  Supply Depot  
  80  6:16  Supply Depot, Barracks Tech Lab x2  
  80  6:18  Siege Tank  
  83  6:22  Marine x2  
  83  6:25  Medivac x2  
  89  6:27  SCV x2  
  89  6:29  Terran Infantry Weapons Level 1  
  91  6:37  Armory  
  89  6:55  Marine x4  
  89  6:56  Siege Tank  
  96  7:06  Combat Shield  
  96  7:07  Stimpack  
  96  7:08  SCV x2  
  98  7:10  Terran Infantry Armor Level 1  
  98  7:12  Marine  
  98  7:13  Marine  
  100  7:20  SCV x2  
  98  7:32  SCV x2  
  86  7:42  Marine x2  
  86  7:43  Marine x2  
  90  7:44  Siege Tank  
  90  7:45  Command Center x2  
  90  7:48  Medivac  
  90  7:49  SCV  
  90  7:50  SCV  
  97  8:00  Marine x3  
  100  8:13  Missile Turret x2  
  100  8:14  Supply Depot x2, Marine  
  100  8:15  SCV x2  
  100  8:18  Marine x3  
  106  8:27  SCV x2  
  106  8:28  Missile Turret  
  106  8:30  Missile Turret  
  106  8:31  Marine  
  109  8:34  Terran Infantry Weapons Level 2  
  109  8:39  SCV x2  
  111  8:51  SCV x2  
  113  9:16  Marine x4  
  117  9:19  Siege Tank  
  117  9:21  Viking x2  
  124  9:29  Orbital Command  
  124  9:32  Concussive Shells  
  124  9:34  Marine x4  
  124  9:35  Barracks x2  
  127  9:45  Supply Depot x2  
  127  9:46  Supply Depot  
  127  9:47  Orbital Command  
  127  9:52  Marine  
  129  9:53  Marauder x2  
  126  10:05  Marine  
  127  10:07  Siege Tank  
  127  10:09  Viking x2, Marine  
  127  10:13  Marine x2  
  137  10:15  Terran Infantry Armor Level 2  
  137  10:20  Barracks  
  137  10:21  SCV x2  
  137  10:22  Barracks  
  137  10:23  Marine  
  140  10:29  Marine x2  
  142  10:48  Marine  
  142  10:49  Marine x2  
  147  10:52  Barracks Reactor  
  147  10:53  Marine x2  
  147  10:54  Siege Tank  
  147  10:56  Liberator x2  
  156  11:06  Marine x3  
  156  11:11  Marine x2  
  159  11:14  Refinery  
  159  11:15  Refinery  
  161  11:24  Marine x3  
  163  11:29  Marine x2  
  163  11:30  Sensor Tower  
  163  11:31  Marine x2  
  167  11:35  Orbital Command  
  167  11:42  Marine x3  
  167  11:47  Marine x2  
  170  11:48  Marine  
  170  11:49  Marine  
  168  11:59  Marine  
  168  12:00  Marine x2  
  146  12:04  Marine  
  146  12:05  Marine  
  146  12:08  Marine x2  
  150  12:17  Marine  
  150  12:18  Marine x2  
  150  12:22  Marine x2  
  154  12:25  Marine  
  154  12:26  Marine  
  157  12:35  Marine x2  
  157  12:36  Marine  
  160  12:40  Marine x2  
  160  12:43  Fusion Core, Marine x2  
  164  12:46  Terran Infantry Weapons Level 3  
  164  12:47  Supply Depot x2, Terran Infantry Armor Level 3  
  164  12:52  Barracks Reactor  
  164  12:53  Barracks Reactor, Marine x3  
  164  12:54  Command Center  
  164  12:58  Marine x2  
  168  13:01  Marine x2  
  168  13:03  Sensor Tower  
  171  13:11  Marine x3  
  174  13:16  Marine  
  174  13:17  Factory  
  137  13:34  Marine x2  
  137  13:35  Marine x9  
  119  13:47  Siege Tank  
  112  13:48  Medivac  
  112  13:49  Medivac  
  112  13:52  Marine x4  
  112  13:53  Marine x7  
  127  14:10  Marine x4  
  127  14:11  Marine x7  
  127  14:17  Factory Tech Lab  
  138  14:18  Liberator  
  138  14:19  Viking  
  143  14:28  Marine x6  
  143  14:29  Marine x5  
  154  14:34  Siege Tank  
  157  14:46  Marine x9  
  157  14:48  Viking  
  157  14:51  Planetary Fortress  
  168  14:59  Reaper x2  
  170  15:01  Viking  
  170  15:04  Reaper  
  170  15:05  Marauder x2  
  177  15:15  Marine x2  
  177  15:16  Marine x2  
  177  15:18  Medivac  
  183  15:31  Command Center  
  183  15:33  Command Center  
  183  15:42  Command Center  
  183  15:48  Refinery  
  183  15:53  Refinery  
  181  16:09  Marine  
  181  16:10  Marine x10  
  188  16:12  Liberator x2  
  188  16:14  Advanced Ballistics  
  194  16:22  Starport  
  194  16:27  Marine x4  
  194  16:28  Marine x2  
  200  16:37  Barracks Reactor  
  200  16:45  Marine  
  111  17:16  Marine x6  
  111  17:17  Marine x6  
  111  17:19  Siege Tank  
  111  17:21  Liberator  
  111  17:22  Liberator  
  125  17:34  Marine x12  
  123  17:46  Siege Tank  
  128  17:51  Siege Tank  
  128  17:52  Marine x12  
  138  17:59  Orbital Command  
  138  18:01  Orbital Command  
  138  18:02  Orbital Command  
  138  18:04  Liberator  
  138  18:05  Starport Reactor  
  141  18:09  Marine  
  141  18:10  Marine  
  143  18:18  Siege Tank  
  146  18:23  Marine x10  
  146  18:25  Siege Tank  
  159  18:27  Marine  
  159  18:28  Marine  
  161  18:41  Marine x10  
  162  18:45  SCV x3, Marine x2  
  162  18:46  SCV x5  
  181  18:58  Marine  
  181  18:59  Marine x2  
  184  19:03  Sensor Tower  
  184  19:13  Sensor Tower  
  184  19:15  Refinery x2  
  184  19:32  Marauder  
  170  20:14  Medivac x3  
  170  20:15  Medivac  
  178  20:33  Marine  
  178  20:34  Marine x11  
  190  20:50  Starport x2  
  190  20:51  Starport, Marine x2  
  190  20:52  Marine x7  
  190  20:55  Starport  
  185  21:07  Marine x3  
  185  21:09  Marine x9  
  163  21:18  Medivac x3  
  159  21:20  Siege Tank x2  
  159  21:24  Marine  
  159  21:25  Marine x2  
  172  21:27  Marine x5  
  177  21:52  Siege Tank  
  178  22:10  Marine x2  
  178  22:11  Marine x6  
  148  22:21  Marine  
  148  22:22  Marine x3  
  140  22:24  Medivac x3  
  140  22:26  Siege Tank x2  
  140  22:28  Marine x8, Starport Tech Lab  
  140  22:29  Starport Tech Lab x2  
  160  22:38  Starport Tech Lab  
  160  22:39  Marine x2  
  156  22:51  Command Center  
  156  22:57  Battlecruiser x4  
  156  22:58  Marine x12  
  181  23:01  Viking x3  
  181  23:02  Viking  
  200  23:06  Terran Ship Weapons Level 1  
  200  23:13  Armory  
  200  23:26  Orbital Command  
  200  23:49  Starport Reactor  
  200  24:02  Terran Vehicle And Ship Armor Level 1  
  200  24:14  Refinery  
  197  24:19  Refinery  
  184  24:53  Orbital Command  
  184  25:10  Weapon Refit  
  184  25:31  Marine x10  
  170  25:36  Siege Tank x2  
  176  25:49  Marine x10  
  149  26:06  Marine  
  149  26:07  Marine x9  
  149  26:08  Siege Tank x2  
  137  26:24  Marine x2  
  137  26:25  Marine x8  
  134  26:42  Marine x6  
  134  26:43  Marine x4  
  134  26:46  Battlecruiser x4  
  168  26:48  Siege Tank x2  
  174  27:00  Marine x10  
  184  27:18  Marine x10  
  194  27:25  Refinery  
  194  27:27  Refinery, Terran Vehicle And Ship Armor Level 2  
  194  27:30  Terran Ship Weapons Level 2  
  194  27:36  Marine x6  
  197  27:57  Barracks x3  
  196  29:55  Refinery  
Tags
 
Add a new tag
Caveats
  • Supply blocks, unpowered buildings, or Contaminate may cause inaccurate times.
  • Supply counts are checked every 10 seconds.